 Dungeon Crawl Stone Soup version 0.29.1-2-gbd0b4ee654 (webtiles) character file.

Game seed: 2170631577864306374

3739 H0rd4k the Martial Artist (level 10, -2/67 HPs)
             Began as an Octopode Artificer on Nov 30, 2022.
             Was an Initiate of Gozag.
             Slain by a bullfrog (9 damage)
             ... on level 7 of the Dungeon.
             The game lasted 00:16:30 (11716 turns).

H0rd4k the Martial Artist (Octopode Artificer)     Turns: 11716, Time: 00:16:31

Health: -2/67      AC:  1    Str: 12    XL:     10   Next: 15%
Magic:  18/18      EV: 13    Int: 18    God:    Gozag
Gold:   614        SH:  0    Dex: 12    Spells: 8/19 levels left

rFire   . . .      SeeInvis .     - Unarmed
rCold   + . .      Faith    .   (no shield)
rNeg    . . .      Spirit   .   (helmet restricted)
rPois   .          Reflect  .   (no amulet)
rElec   .          Harm     .   o - ring of protection from cold
rCorr   .          Rampage  .   (no ring)
Will    .....                   (no ring)
Stlth   +++.......              (no ring)
HPRegen 0.21/turn               (no ring)
MPRegen 0.16/turn               (no ring)
                                (no ring)
                                (no ring)

@: no status effects
A: almost no armour, amphibious, 8 rings, camouflage 1, gelatinous body 1,
(nimble swimmer 1), tentacles
a: Renounce Religion, Potion Petition, Call Merchant, Bribe Branch


You were on level 7 of the Dungeon.
You worshipped Gozag.
Gozag was pleased with you.
You visited 3 branches of the dungeon, and saw 10 of its levels.
You also visited: Ossuary.

You collected 712 gold pieces.
You paid 98 gold pieces to Gozag.

Inventory:

Missiles
 k - 3 atropa-tipped darts (quivered)
 l - 11 poisoned darts
 F - a throwing net
Magical Staves
 j - a staff of fire
 q - a staff of air
 x - a staff of cold
Jewellery
 o - a ring of protection from cold (left tentacle)
Wands
 b - a wand of flame (12)
Scrolls
 d - a scroll of acquirement {unknown}
 f - 4 scrolls of teleportation
 h - 5 scrolls of noise
 m - 2 scrolls of fear
 n - a scroll of enchant weapon
 r - 2 scrolls of blinking
 u - a scroll of immolation {unknown}
 v - a scroll of brand weapon {unknown}
 w - a scroll of torment
 y - 2 scrolls of butterflies
 B - 2 scrolls of amnesia
 D - a scroll of magic mapping {unknown}
Potions
 a - a potion of experience {unknown}
 e - a potion of lignification
 i - 2 potions of curing
 p - a potion of attraction {unknown}
 s - a potion of invisibility
 t - a potion of brilliance {unknown}
 z - 3 potions of degeneration {unknown}
 A - 2 potions of haste
 C - 2 potions of ambrosia


   Skills:
 + Level 5.6 Fighting
 + Level 0.4 Throwing
 - Level 2.3 Dodging
 - Level 1.3 Stealth
 + Level 10.0 Unarmed Combat
 * Level 5.4 Spellcasting
 * Level 3.7 Summonings
 + Level 0.5 Transmutations
 * Level 3.8 Air Magic
 - Level 3.2 Evocations


You had 8 spell levels left.
You knew the following spells:

 Your Spells              Type           Power      Damage    Failure   Level
a - Summon Lightning Spi  Summ/Air       18%        N/A       26%         4
b - Storm Form            Tmut/Air       6%         N/A       100%        7

Your spell library contained the following spells:

 Spells                   Type           Power      Damage    Failure   Level
 Summon Small Mammal      Summ           72%        N/A       2%          1
 Shock                    Conj/Air       44%        1d5       6%          1
 Apportation              Tloc           8%         N/A       13%         1
 Necrotise                Necr           16%        1d4       13%         1
 Sticky Flame             Conj/Fire      4%         2d3       77%         4
 Ignition                 Fire           2%         3d3       100%        8
 Maxwell's Capacitive Co  Air            9%         ∞         100%        8


Dungeon Overview and Level Annotations

Branches:
Dungeon (8/15)             Temple (1/1) D:7            Lair (1/5) D:8
Ossuary (visited)

Altars:
Cheibriados
Dithmenos
Elyvilon
Gozag
Makhleb
Nemelex Xobeh
Okawaru
Qazlal
Ru
Sif Muna
Vehumet
Wu Jian
Yredelemnul
The Shining One

Shops:
D:8 ?(

Annotations:
D:5 exclusion: downstairs
D:6 2 transporters, RUZZLEFAZAZZLE's ghost, novice GnCA
D:8 exclusions: upstairs and wight, Erica; Psyche


Innate Abilities, Weirdness & Mutations

You cannot wear most types of armour.
You are amphibious.
You can wear up to eight rings at the same time.
Your skin changes colour to match your surroundings (Stealth+).
Your rubbery body absorbs attacks. (AC +1, EV +1)
((You are camouflaged when in or above water. (Stealth+)))
You have tentacles for arms and can constrict up to eight enemies at once.


Message History

The orc wizard hits the fungus with a +0 dagger.
The fungus begins to die.
The bullfrog hits you!
* * * LOW HITPOINT WARNING * * *
The bullfrog barely misses you.
You feel much better. The bullfrog completely misses you.
The bullfrog hits you! The orc misses you.
The orc wizard completely misses the fungus.
The orc wizard hits the plant with a +0 dagger.
The plant begins to die.
The bullfrog hits you but does no damage.
The orc wizard hits the fungus with a +0 dagger.
The fungus begins to die.
There is an escape hatch in the ceiling here.
A nearby fungus withers and dies.
The bullfrog barely misses you. The bullfrog hits you.
The bullfrog hits you but does no damage. x2
A mysterious force pulls you upwards. The hatch slams shut behind you.
You miss the bullfrog. Your grab misses the bullfrog.
The bullfrog is moderately wounded.
The bullfrog hits you.
* * * LOW HITPOINT WARNING * * *
The bullfrog misses you.
You closely miss the bullfrog. You grab the bullfrog.
The bullfrog is moderately wounded.
You constrict the bullfrog. The bullfrog hits you.
* * * LOW HITPOINT WARNING * * *
The bullfrog hits you!
* * * LOW HITPOINT WARNING * * *
You barely miss the bullfrog.
The bullfrog is moderately wounded.
You constrict the bullfrog.
The bullfrog releases a deep croak.
The bullfrog barely misses you. The bullfrog hits you.
* * * LOW HITPOINT WARNING * * *
You bludgeon the bullfrog!
The bullfrog is almost dead.
The sentinel's mark upon you fades away.
You constrict the bullfrog. The bullfrog hits you!
You die...
Your body crumbles into a pile of gold.

#.......###...########.#
###....................#
#.....###...##########
#.....# ##.## ####### #.# #.#
#.# ########## #.##########
#......F@# #.#........#
#.######F# #.#.######.# # #.#
#.###.#.######.# #
#.######.##)...##...#.### #
#####.##.....................
##
#))).....###(##....##...#.##.
.#
#.###.#.####.###.#.######.##.
.# #.# #........#
#.#........#). .#
#.###)#.###### #.##########.#


You could see 2 bullfrogs.

Vanquished Creatures
  Maggie (D:6)
  Sigmund (D:3)
  Eustachio (D:4)
  A yak (D:8)
  3 water moccasins
  2 black bears
  2 ice beasts (D:7)
  3 centaurs (D:7)
  An ogre (D:4)
  A phantom (D:5)
  A kobold brigand (D:7)
  A gnoll sergeant (D:7)
  3 scorpions
  8 bullfrogs
  2 necrophages (D:7)
  3 killer bees
  4 hounds
  An orc priest (D:4)
  4 iguanas
  Jessica (D:3)
  2 orc wizards
  A mummy (Ossuary)
  8 gnolls
  8 adders
  2 shadow imps
  A white imp (D:6)
  2 worms
  3 dart slugs
  23 orcs
  An endoplasm (D:4)
  2 giant cockroaches
  12 gnoll zombies (Ossuary)
  5 goblins
  5 hobgoblins
  3 jackals (D:5)
  9 kobolds
  A quokka (D:4)
  5 ball pythons
  6 bats
  2 bat simulacra (Ossuary)
  6 frilled lizards
  2 goblin simulacra (Ossuary)
  2 goblin zombies (Ossuary)
  6 hobgoblin zombies (Ossuary)
  2 jackal zombies (D:6)
  3 kobold simulacra (Ossuary)
  6 kobold zombies (Ossuary)
  4 orc zombies (Ossuary)
  4 rats
  A rat simulacrum (Ossuary)
  2 spectral goblins (Ossuary)
  A spectral kobold (Ossuary)
  3 spectral rats (Ossuary)
187 creatures vanquished.

Vanquished Creatures (collateral kills)
  An orc warrior (D:8)
  A scorpion (D:5)
  A wight (D:8)
  A howler monkey (D:5)
  An orc wizard (D:5)
  An adder (D:4)
  A gnoll (D:5)
  7 orcs
14 creatures vanquished.

Vanquished Creatures (others)
  An ogre (D:5)
  An orc priest (D:4)
  An orc wizard (D:5)
  A gnoll (D:5)
  An orc (D:6)
  38 fungi (D:8)
  50 plants (D:8)
93 creatures vanquished.

Grand Total: 294 creatures vanquished

Notes
Turn   | Place    | Note
-------+----------+-------------------------------------------
     0 | D:1      | H0rd4k the Octopode Artificer began the quest for the Orb.
     0 | D:1      | Reached XP level 1. HP: 13/13 MP: 1/1
   141 | D:1      | Reached skill level 1 in Spellcasting
   182 | D:1      | Reached XP level 2. HP: 7/18 MP: 3/3
   851 | D:1      | Reached XP level 3. HP: 24/24 MP: 5/5
  1840 | D:2      | Reached skill level 1 in Unarmed Combat
  2135 | D:2      | Reached XP level 4. HP: 25/29 MP: 7/7
  2224 | D:2      | Found a sacrificial altar of Ru.
  2257 | D:2      | Found a faded altar of an unknown god.
  2628 | D:3      | Noticed Jessica
  2644 | D:3      | Killed Jessica
  2959 | D:3      | Reached skill level 2 in Unarmed Combat
  3132 | D:3      | Reached XP level 5. HP: 35/35 MP: 8/8
  3377 | D:3      | Noticed Sigmund
  3382 | D:3      | Killed Sigmund
  3383 | D:3      | Reached skill level 3 in Unarmed Combat
  3383 | D:3      | Reached XP level 6. HP: 42/42 MP: 8/10
  3640 | D:4      | Noticed Eustachio
  3829 | D:4      | Killed Eustachio
  3830 | D:4      | Reached skill level 4 in Unarmed Combat
  3830 | D:4      | Reached XP level 7. HP: 47/47 MP: 11/11
  4130 | D:4      | Got the Lectures on Hazy Conflagration
  4226 | D:4      | Reached skill level 5 in Unarmed Combat
  4782 | D:4      | Reached skill level 6 in Unarmed Combat
  4782 | D:4      | Reached XP level 8. HP: 27/54 MP: 13/13
  5118 | D:4      | Learned a level 4 spell: Summon Lightning Spire
  5126 | D:4      | Learned a level 7 spell: Storm Form
  5159 | D:5      | Entered Level 5 of the Dungeon
  5220 | D:5      | You fall into a shaft and drop 1 floor!
  5464 | D:6      | Found a sand-covered staircase.
  5469 | D:6      | Noticed Maggie
  5481 | D:6      | HP: 2/54 [orc/+0 club (2)]
  5505 | Ossuary  | Entered an ossuary
  6116 | D:6      | Found a transporter.
  6130 | D:6      | Noticed RUZZLEFAZAZZLE's ghost (novice GnCA)
  6141 | D:6      | Found a transporter.
  6510 | D:5      | Reached skill level 1 in Air Magic
  6519 | D:5      | Reached skill level 7 in Unarmed Combat
  6612 | D:5      | Reached skill level 1 in Summonings
  7095 | D:6      | Killed Maggie
  7096 | D:6      | Reached XP level 9. HP: 42/60 MP: 15/15
  7222 | D:6      | Reached skill level 8 in Unarmed Combat
  7748 | D:7      | Found a staircase to the Ecumenical Temple.
  7757 | Temple   | Entered the Ecumenical Temple
  7813 | Temple   | Became a worshipper of Gozag Ym Sagoz the Greedy
  7867 | D:7      | Reached skill level 5 in Fighting
  8953 | D:7      | Reached skill level 5 in Spellcasting
  9544 | D:7      | Reached skill level 9 in Unarmed Combat
  9768 | D:8      | Found Udyseeps's Magic Scroll Shoppe.
 10061 | D:8      | Found a sparkling altar of Nemelex Xobeh.
 10067 | D:8      | Noticed Erica
 10086 | D:8      | Found Poelappure's Weapon Shop.
 10112 | D:8      | Noticed Psyche
 10128 | D:8      | Found a glowing golden altar of the Shining One.
 11138 | D:8      | Reached XP level 10. HP: 9/66 MP: 16/18
 11535 | D:8      | Found a staircase to the Lair.
 11645 | D:8      | Noticed a white ugly thing
 11666 | D:8      | Reached skill level 10 in Unarmed Combat
 11675 | Lair:1   | Entered Level 1 of the Lair of Beasts
 11707 | D:8      | HP: 2/67 [bullfrog (8)]
 11716 | D:7      | Slain by a bullfrog

Illustrated notes

Levels and vault maps discovered:
D:1:      elethiomel_arrival_infinity_welcomes_careful_drivers,
          layout_loops_ring, minmay_tetromino_l2
D:2:      layout_basic, shapermc_ecumenical_altar_ellora, basic_altar
D:3:      layout_basic, uniq_sigmund, uniq_jessica
D:4:      minmay_chambers_of_fours, layout_loops_cross, uniq_eustachio
D:5:      layout_basic
D:6:      layout_layer_cave, gammafunk_ghost_smash, enter_ossuary_3, uniq_maggie
D:7:      layout_loops_corners, minmay_temple_entry_mini_moons,
          chequers_serial_rivers_small_b, grunt_ministairs_8
D:8:      layout_cave_pools, tso_metal_star, mainiacjoe_overflow_brackets,
          due_lair_maze_entry_diamond, serial_shops, nicolae_shop_crystal,
          nicolae_stop_n_shop_1, shop, serial_glass, glass_columns_a,
          glass_columns_a, feat_on_display, david_defended_altar_orc,
          uniq_psyche, uniq_erica
Temple:   compressed_dpeg_triangle_lava_temple
Lair:1:   layout_regular_city, enter_volcano_2, cheibrodos_lair_caveside_slide,
          grunt_megastairs_3, uniq_fannar, uniq_amaemon

Skill      XL: |  1  2  3  4  5  6  7  8  9 10 |
---------------+-------------------------------+-----
Spellcasting   | 1 2 3 4 5 |  5.4
Fighting       | 2 3 4 5 |  5.6
Unarmed Combat | 1 2 3 4 6 7 9 10 | 10.0
Air Magic      | 2 3 |  3.8
Summonings     | 1 3 |  3.7
Throwing       | |  0.4
Dodging        | |  2.3
Stealth        | |  1.3
Transmutations | |  0.5
Evocations     | |  3.2

Action                   |  1- 3 |  4- 6 |  7- 9 | 10-12 || total
-------------------------+-------+-------+-------+-------++-------
Melee: Unarmed           |    83 |    63 |   371 |    23 ||   540
       Constrict         |    25 |    20 |    82 |     5 ||   132
       Tentacles         |    17 |    16 |    93 |     6 ||   132
       Punch             |     3 |     1 |    16 |     2 ||    22
Throw: Dart              |       |       |     7 |     2 ||     9
 Cast: Summon Lightning  |       |       |       |     2 ||     2
Evoke: Wand              |     1 |     6 |    35 |       ||    42
  Use: Potion            |       |       |     5 |     2 ||     7
       Scroll            |       |       |    13 |       ||    13
 Stab: Sleeping          |     9 |     4 |    15 |       ||    28
       Distracted        |       |     1 |     2 |       ||     3
       Paralysed         |       |       |     7 |       ||     7
       Invisible         |       |       |     1 |       ||     1
Armor: Skin              |    15 |     2 |    18 |     4 ||    39
Dodge: Dodged            |    55 |    35 |   235 |    31 ||   356
